 Dungeon Crawl Stone Soup version 0.18-a0-1805-g8ab820f (webtiles) character file.

9 Duffy the Skirmisher (level 2, 23/24 HPs)
             Began as a Demonspawn Fighter on Apr 25, 2016.
             Quit the game on level 2 of the Dungeon.
             The game lasted 00:00:19 (224 turns).

Duffy the Skirmisher (Demonspawn Fighter)            Turns: 224, Time: 00:00:19

Health: 23/24      AC:  6    Str: 16    XL:     2   Next: 6%
Magic:  2/2        EV:  6    Int:  9    God:
Gold:   8          SH:  8    Dex: 12    Spells: 0 memorised, 1 level left

rFire  . . .     SeeInvis .     a - +0 war axe
rCold  . . .     Gourm    .     b - +0 scale mail
rNeg   . . .     Faith    .     c - +0 shield
rPois  .         Spirit   .     (no helmet)
rElec  .         Dismiss  .     (no cloak)
rCorr  .         Reflect  .     (no gloves)
SustAt .         Harm     .     (no boots)
MR     .....                    (no amulet)
Stlth  ..........               (no ring)
                                (no ring)

@: not resistant to hostile enchantments, extremely unstealthy
A: rot immunity
a: no special abilities


You were on level 2 of the Dungeon.
You were not hungry.

You visited 1 branch of the dungeon, and saw 2 of its levels.

You collected 8 gold pieces.


Innate Abilities, Weirdness & Mutations

You are immune to rotting.


   Skills:
 - Level 3.0 Fighting
 + Level 2.5 Axes
 - Level 2.6 Armour
 - Level 2.6 Shields


You had one spell level left.
You didn't know any spells.

Inventory:

Hand Weapons
 a - a +0 war axe (weapon)
Armour
 b - a +0 scale mail (worn)
 c - a +0 shield (worn)
Scrolls
 e - a scroll of identify {unknown}
Potions
 d - a potion of might
Comestibles
 f - a bread ration

Dungeon Overview and Level Annotations

Branches:
Dungeon (2/15)

Altars:
Elyvilon


Message History

A ball python is nearby!
You closely miss the ball python. You block the ball python's attack. x3
The ball python grabs you. The ball python constricts you.
You closely miss the ball python.
The ball python bites you but does no damage.
The ball python constricts you.
You hit the ball python.
The ball python is heavily wounded.
The ball python bites you. The ball python constricts you.
The ball python bites you but does no damage.
The ball python constricts you.
You hit the ball python but do no damage.
The ball python is heavily wounded.
You block the ball python's attack. The ball python constricts you.
You block the ball python's attack. The ball python constricts you.
You slash the ball python!
You kill the ball python!
You have reached level 2!
Your demonic ancestry asserts itself...
You feel immune to rotting.
You see here a ball python corpse.
You open the door.
Found a dagger.
There is an open door here.
You open the door.
There is an open door here.
e - a scroll labeled EWAFEFR JISOO A giant cockroach comes into view.
The giant cockroach bites you but does no damage.
A giant cockroach is nearby!
You closely miss the giant cockroach.
You block the giant cockroach's attack. x2
You closely miss the giant cockroach.
The giant cockroach bites you but does no damage. x2
You hit the giant cockroach.
The giant cockroach is severely wounded.
You block the giant cockroach's attack. The giant cockroach closely misses you.
You closely miss the giant cockroach.
The giant cockroach is severely wounded.
The giant cockroach barely misses you. The giant cockroach bites you.
You slash the giant cockroach!
You kill the giant cockroach!
No target in view!
No target in view!
No target in view!
No target in view!
No target in view!
No target in view!
No target in view!
Found a white marble altar of Elyvilon.
Are you sure you want to abandon this character and quit the game? (Confirm with "yes".)

##.#..# ##...
##.#.# ####'# ###.#
#..... ####.###
#.##.#
#......###.#.#.#
#.##.#.##.###...
###########.#....
##..###..####.#..#
#@##.##.###.....##
#_##.##.##...###..#
###.##.##.#### ##..
#...#...# .#
######### .# ..


There were no monsters in sight!

Action                   || total
-------------------------++-------
Melee: War axe           ||    24
Armor: Scale mail        ||    15
Dodge: Dodged            ||    11
Block: Shield            ||    17

Notes
Turn   | Place    | Note
--------------------------------------------------------------
     0 | D:1      | Duffy the Demonspawn Fighter began the quest for the Orb.
     0 | D:1      | Reached XP level 1. HP: 18/18 MP: 1/1
    41 | D:2      | Reached skill level 2 in Axes
   102 | D:2      | Gained mutation: You are immune to rotting. [demonic ancestry]
   102 | D:2      | Reached XP level 2. HP: 20/24 MP: 2/2
   221 | D:2      | Found a white marble altar of Elyvilon.
   224 | D:2      | Quit the game

Skill      XL: |  1 |
---------------+----+-----
Axes           | 2 |  2.5
Fighting       | |  3.0
Armour         | |  2.6
Shields        | |  2.6

Vault maps used:
D:1:      shiori_arrival_elements, minivault_11
D:2:      lemuel_coloured_pillars_altar, marbit_many_paths,
          gammafunk_temple_overflow_elements, serial_park_tiny_pond,
          st_stairs_14

Vanquished Creatures
  A dart slug
  A bat
  2 giant cockroaches
  2 ball pythons
  A rat
7 creatures vanquished.
